 Dungeon Crawl Stone Soup version 0.14-a0-2162-g062a2ce (webtiles) character file.

1465 Jenx the Basher (level 9, -12/55 HPs)
             Began as a Formicid Skald on Jan 28, 2014.
             Was a Follower of Ashenzari.
             Killed by divine providence
             ... invoked by an orc priest
              (14 damage)
             ... on Level 6 of the Dungeon.
             The game lasted 00:20:42 (6726 turns).

Jenx the Basher (Formicid Skald)                    Turns: 6726, Time: 00:20:43

HP -12/55        AC 14     Str 18      XL: 9   Next:  6%
MP  13/15        EV  7     Int 19      God: Ashenzari [*.....]
Gold 226         SH  0     Dex 10      Spells:  4 memorised,  3 levels left

rFire  . . .     SeeInvis +     a - +0 giant club (curse)
rCold  . . .     Clarity  .     t - +2 chain mail
rNeg   . . .     Conserve .     (no shield)
rPois  x         rCorr    .     (helmet unavailable)
rElec  .         rRot     .     y - +0 cloak
SustAb . .       Spirit   .     (no gloves)
rMut   .         Warding  .     (no boots)
Saprov . . .     Stasis   +     (no amulet)
MR     .....                    (no ring)
                                (no ring)

@: confused, brilliant, shrouded, not resistant to hostile enchantments,
extremely unstealthy
A: permanent stasis, dig shafts and tunnels, four strong arms, poison weakness,
antennae 3, exoskeleton 1
a: Dig, Shaft Self, Renounce Religion


You were on level 6 of the Dungeon.
You worshipped Ashenzari.
Ashenzari was aware of your devotion.
You were not hungry.

You visited 1 branch of the dungeon, and saw 6 of its levels.

You collected 226 gold pieces.

Inventory:

Hand weapons
 a - a cursed +0,+0 giant club (weapon)
 j - a +0,+2 dagger of venom
Missiles
 q - a poisoned dart (quivered)
Armour
 b - a +0 leather armour
 t - a +2 chain mail (worn)
 y - a +0 cloak (worn)
Magical devices
 E - a wand of digging (10)
Comestibles
 d - 5 bread rations
 r - a rotting chunk of adder flesh
 x - an apple
Scrolls
 e - 2 scrolls of remove curse
 f - a scroll of fear {unknown}
 h - a scroll of teleportation {unknown}
 i - 2 scrolls of amnesia {unknown}
 n - a scroll of curse jewellery
 p - a scroll of enchant armour {unknown}
 s - a scroll of identify
 w - a scroll of random uselessness {unknown}
 A - a scroll of fog {unknown}
 C - a scroll of enchant weapon I {unknown}
Jewellery
 k - an uncursed ring of fire
 v - an uncursed amulet of rage
Potions
 g - 2 potions of curing
 u - a potion of brilliance
 z - a potion of agility {unknown}
 B - a potion of restore abilities {unknown}
Books
 c - a book of Battle

   Spells                             Type                      Level
   *Infusion                          Charms                       1
   *Shroud of Golubria                Charms/Translocation         2
   Song of Slaying                    Charms                       2
   *Spectral Weapon                   Hexes/Charms                 3
   *Regeneration                      Charms/Necromancy            3


   Skills:
 + Level 2.4 Fighting
 - Level 8.1 Maces & Flails
 - Level 6.4 Armour
 - Level 0.8 Dodging
 - Level 2.1 Spellcasting
 - Level 1.3 Hexes
 * Level 3.4 Charms
 - Level 1.0 Necromancy


You had 3 spell levels left.
You knew the following spells:

 Your Spells              Type           Power        Failure   Level  Hunger
a - Infusion              Chrm           ####..       9%          1    #......
b - Shroud of Golubria    Chrm/Tloc      ###.......   32%         2    ##.....
c - Spectral Weapon       Hex/Chrm       ###.....     47%         3    ###....
d - Regeneration          Chrm/Necr      ###.......   47%         3    ###....


Dungeon Overview and Level Annotations

Branches:
Dungeon (6/16)
 Temple: D:4-7

Altars:
Ashenzari
Dithmengos
Makhleb
Xom

Shops:
D:5 %


Innate Abilities, Weirdness & Mutations

Your are under a permanent stasis effect.
You can dig through walls and to a lower floor.
Your four strong arms can wield any weapon, most with a shield.
You are susceptible to poison.
You have a pair of large antennae on your head (SInv).
Your body is surrounded by an exoskeleton. (AC +1)


Message History

The orc wizard hits you but does no damage.
The orc priest glows brightly for a moment.
The orc wizard closely misses you. The orc hits you but does no damage.
The orc wizard hits you but does no damage.
You miss the orc wizard.
The orc wizard is lightly wounded.
The orc priest mumbles some strange prayers to Beogh against you.
Something smites you!
* * * LOW HITPOINT WARNING * * *
The orc wizard casts a spell at you. The magic dart hits you!
* * * LOW HITPOINT WARNING * * *
The orc wizard hits you but does no damage.
The orc closely misses you.
You barely miss the orc wizard. The orc wizard barely misses you.
The orc wizard mumbles some strange words.
The orc wizard blinks!
The orc closely misses you.
The orc priest invokes the aid of Beogh against you.
Something smites you!
You die...

.#..# . .. ..#....#. ...
##.#.....##..#.
....!....o......... . .
.................. ...
PPP.####.##(##..##.#..#. ..##
PP............(.(........ ... .
.P...........#..##.#..#.#..##..#
#...####....##o@ยง.......#.......
#... #.#..##o###.#............
#... #.#..##o###.#..#.#...#
.#...####.##%##.?........<...#
.....<......o.................S..
.#...#.##.#.......#.#..#.........
#.....##.#..##.#.#... ......###.
..................... .........
................(o.....#.....###


You could see an orc priest, 2 orc wizards and an orc.

Vanquished Creatures
  The ghost of Jenx the Cudgeler, an average FoSk (D:4)
  An ice beast (D:5)
  2 ogres
  A sky beast (D:5)
  2 centaurs (D:5)
  A crimson imp (D:5)
  A hound (D:5)
  2 centaur skeletons
  5 orc wizards
  3 worker ants
  Jessica (D:3)
  12 adders
  3 gnolls (D:4)
  A giant mite (D:1)
  4 worms
  4 giant geckos
  An ooze (D:5)
  9 orcs
  5 giant cockroaches
  12 hobgoblins
  4 jackals (D:4)
  6 quokkas
  3 ball pythons
  16 bats
  A giant gecko zombie (D:6)
  8 giant newts
  10 goblins
  A goblin skeleton (D:5)
  13 kobolds
  14 rats
  A rat skeleton (D:4)
148 creatures vanquished.

Notes
Turn   | Place    | Note
--------------------------------------------------------------
     0 | D:1      | Jenx, the Formicid Skald, began the quest for the Orb.
     0 | D:1      | Reached XP level 1. HP: 14/14 MP: 3/3
   268 | D:1      | Reached XP level 2. HP: 16/19 MP: 4/4
   463 | D:1      | Reached XP level 3. HP: 11/24 MP: 6/6
  1300 | D:2      | Found a shattered altar of Ashenzari.
  1309 | D:2      | Became a worshipper of Ashenzari the Shackled
  1426 | D:2      | Reached XP level 4. HP: 21/29 MP: 7/7
  1526 | D:2      | Learned a level 2 spell: Shroud of Golubria
  1530 | D:2      | Learned a level 3 spell: Spectral Weapon
  1552 | D:2      | Reached skill level 4 in Maces & Flails
  1630 | D:2      | Found a shadowy altar of Dithmengos.
  1718 | D:2      | Reached skill level 1 in Hexes
  1852 | D:2      | Reached XP level 5. HP: 32/34 MP: 9/9
  2027 | D:2      | Found a shimmering altar of Xom.
  2132 | D:3      | Noticed an ogre
  2141 | D:3      | Killed an ogre
  2141 | D:3      | Reached skill level 5 in Maces & Flails
  2141 | D:3      | Reached XP level 6. HP: 16/39 MP: 4/10
  3088 | D:3      | Noticed Jessica
  3104 | D:3      | Killed Jessica
  3104 | D:3      | Reached skill level 6 in Maces & Flails
  3140 | D:3      | Learned a level 3 spell: Regeneration
  3601 | D:3      | Reached skill level 1 in Necromancy
  3748 | D:3      | Reached XP level 7. HP: 41/45 MP: 12/12
  3945 | D:4      | Noticed Jenx's ghost (average FoSk)
  4335 | D:4      | Reached skill level 7 in Maces & Flails
  4430 | D:4      | Killed Jenx's ghost
  4430 | D:4      | Reached XP level 8. HP: 22/50 MP: 13/13
  4596 | D:4      | Reached skill level 8 in Maces & Flails
  4860 | D:5      | Entered Level 5 of the Dungeon
  4944 | D:5      | Found Sham's Food Emporium.
  5403 | D:5      | Found a burning altar of Makhleb.
  5404 | D:5      | Noticed a blizzard demon
  5409 | D:5      | Noticed an orange demon
  5409 | D:5      | Noticed an orange demon
  5525 | D:5      | HP: 1/50 [centaur/arrow (14)]
  5533 | D:5      | Reached skill level 5 in Armour
  6305 | D:5      | Found a shadowy altar of Dithmengos.
  6666 | D:6      | Reached XP level 9. HP: 54/54 MP: 15/15
  6725 | D:6      | HP: 2/55 [orc wizard/magic dart (2)]
  6726 | D:6      | Killed from afar by an orc priest

Action                   |  1- 3 |  4- 6 |  7- 9 || total
-------------------------+-------+-------+-------++-------
Melee: Mace              |   107 |    47 |       ||   154
       Giant club        |       |   124 |   209 ||   333
Throw: Tomahawk          |       |    21 |    15 ||    36
       Dart              |       |     3 |     3 ||     6
 Cast: Spectral Weapon   |       |     4 |       ||     4
       Shroud of Golubri |       |     2 |     1 ||     3
Evoke: Wand              |       |       |     1 ||     1
  Use: Scroll            |       |     4 |     2 ||     6
       Potion            |       |     1 |     4 ||     5
